 Dungeon Crawl Stone Soup version 0.22.0 (webtiles) character file.

443 Lew the Skirmisher (level 7, -1/55 HPs)
             Began as a Formicid Abyssal Knight on Aug 10, 2018.
             Was a Believer of Lugonu.
             Slain by a centaur (5 damage)
             ... on level 5 of the Dungeon.
             The game lasted 00:13:52 (5105 turns).

Lew the Skirmisher (Formicid Abyssal Knight)        Turns: 5105, Time: 00:13:54

Health: -1/55      AC:  8    Str: 18    XL:     7   Next: 23%
Magic:  10/10      EV:  9    Int: 12    God:    Lugonu [**....]
Gold:   312        SH:  0    Dex: 10    Spells: 6/6 levels left

rFire    + . .     SeeInvis +   a - +1 falchion
rCold    . . .     Gourm    .   (no shield)
rNeg     . . .     Faith    .   i - +0 scale mail
rPois    .         Spirit   .   (helmet unavailable)
rElec    .         Reflect  .   e - +0 cloak
rCorr    .         Harm     .   (no gloves)
MR       .....                  (no boots)
Stlth    +.........             (no amulet)
HPRegen  0.18/turn              d - ring of protection from fire
MPRegen  0.12/turn              (no ring)

@: no status effects
A: permanent stasis, dig shafts and tunnels, four strong arms, antennae 3
a: Dig, Shaft Self, Depart the Abyss, Bend Space, Renounce Religion


You were on level 5 of the Dungeon.
You worshipped Lugonu.
Lugonu was pleased with you.
You were not hungry.

You visited 1 branch of the dungeon, and saw 5 of its levels.
You visited the Abyss 1 time.

You collected 312 gold pieces.

Inventory:

Hand Weapons
 a - a +1 falchion (weapon)
Armour
 e - a +0 cloak (worn)
 h - a +0 ring mail
 i - a +0 scale mail (worn)
Jewellery
 d - a ring of protection from fire (left hand)
Wands
 k - a wand of flame (26)
 m - a wand of acid (4)
Scrolls
 j - 4 scrolls of identify
 l - 3 scrolls of amnesia
Potions
 b - a potion of haste
 f - a potion of curing
 g - a potion of berserk rage {unknown}
 o - a potion of agility
Comestibles
 c - 7 rations


   Skills:
 + Level 4.7 Fighting
 + Level 3.6 Long Blades
 + Level 4.0 Armour
 - Level 1.0 Dodging
 + Level 3.8 Stealth
 + Level 4.2 Invocations


You had 6 spell levels left.
You didn't know any spells.
Your spell library contained the following spells:

 Spells                   Type           Power        Failure   Level  Hunger
 Confuse                  Hex            #.......     96%         3    ####...
 Confusing Touch          Hex            #.....       69%         1    ##.....
 Metabolic Englaciation   Hex/Ice        #.........   100%        5    ######.
 Petrify                  Tmut/Erth      #.......     100%        4    #####..
 Gell's Gravitas          Tloc           #.........   96%         3    ####...
 Yara's Violent Unravell  Hex/Tmut       #.........   100%        5    ######.


Dungeon Overview and Level Annotations

Branches:
Dungeon (5/15)
 Temple: D:4-7

Altars:
Cheibriados
Dithmenos
Gozag
Sif Muna
Trog
Vehumet
Wu Jian

Annotations:
D:3 Grinder


Innate Abilities, Weirdness & Mutations

You cannot be hasted, slowed, berserked, paralysed or teleported.
You can dig through walls and to a lower floor.
Your four strong arms can wield two-handed weapons with a shield.
You have a pair of large antennae on your head. (SInv)


Message History

You feel better.
The centaur hits you but does no damage.
The mummy hits you! The adder zombie closely misses you.
You riposte.
You closely miss the adder zombie.
The adder zombie is moderately damaged.
You feel better. The centaur barely misses you.
The adder zombie closely misses you.
You riposte.
You barely miss the adder zombie.
The adder zombie is moderately damaged.
The centaur hits you.
You feel better. The centaur hits you. The adder zombie bites you.
The mummy hits you!
* * * LOW HITPOINT WARNING * * *
You completely miss the centaur.
The centaur is almost dead.
The centaur hits you.
* * * LOW HITPOINT WARNING * * *
The adder zombie bites you but does no damage.
The centaur hits you.
You die...

#....# #....#
###....#
..Z...#########
.#######............#
....................#
........#...........#
......c.#...........#
......M@Z5..........#
####'#####..........#
##...........#
##............#
##.............#
#..#...........#
#..#..........###
....##.........##
#....# #.........#


You could see a centaur, a mummy, a crimson imp and 2 adder zombies.

Vanquished Creatures
  A sky beast (D:5)
  2 howler monkeys
  2 hounds (D:4)
  2 worker ants (D:4)
  9 adders
  2 oozes
  An adder skeleton (D:4)
  A worm (D:2)
  A dart slug (D:1)
  3 leopard geckos
  7 orcs
  8 giant cockroaches
  3 goblins
  10 hobgoblins
  3 kobolds
  2 quokkas
  2 ball pythons (D:1)
  4 bats
  2 frilled lizards (D:1)
  A jackal skeleton (D:4)
  8 rats
74 creatures vanquished.

Notes
Turn   | Place    | Note
-------+----------+-------------------------------------------
     0 | Abyss:1  | Lew the Formicid Abyssal Knight began the quest for the Orb.
     0 | Abyss:1  | Reached XP level 1. HP: 18/18 MP: 2/2
    40 | Abyss:1  | Noticed a small abomination
    55 | Abyss:1  | Noticed an ancient zyme
    73 | Abyss:1  | Noticed a small abomination
    75 | D:1      | Escaped the Abyss
   117 | D:1      | Reached * piety under Lugonu
   183 | D:1      | Reached skill level 1 in Dodging
   183 | D:1      | Reached XP level 2. HP: 22/24 MP: 3/3
   309 | D:1      | Reached skill level 1 in Stealth
   748 | D:1      | Reached XP level 3. HP: 29/29 MP: 4/4
  1669 | D:2      | Reached XP level 4. HP: 6/37 MP: 6/6
  1944 | D:2      | Found a deep blue altar of Sif Muna.
  1953 | D:2      | Found a snail-covered altar of Cheibriados.
  1953 | D:2      | Found a bloodstained altar of Trog.
  2189 | D:2      | Found a radiant altar of Vehumet.
  2287 | D:2      | Found a shadowy altar of Dithmenos.
  2525 | D:2      | Reached XP level 5. HP: 26/42 MP: 7/7
  3082 | D:3      | Found an opulent altar of Gozag.
  3218 | D:3      | Reached ** piety under Lugonu
  3229 | D:3      | Noticed Grinder
  3684 | D:3      | Found an ornate altar of the Wu Jian Council.
  4011 | D:4      | Reached XP level 6. HP: 39/48 MP: 8/8
  4763 | D:5      | Entered Level 5 of the Dungeon
  5039 | D:5      | Noticed a sky beast
  5048 | D:5      | Killed a sky beast
  5048 | D:5      | Reached XP level 7. HP: 55/55 MP: 8/10
  5105 | D:5      | Slain by a centaur

Skill      XL: |  1  2  3  4  5  6  7 |
---------------+----------------------+-----
Dodging        | 1 |  1.0
Stealth        | 1 2 3 |  3.8
Invocations    | 3 4 |  4.2
Armour         | 3 4 |  4.0
Fighting       | 4 |  4.7
Long Blades    | 3 |  3.6

Action                   |  1- 3 |  4- 6 |  7- 9 || total
-------------------------+-------+-------+-------++-------
Melee: Falchion          |    91 |   199 |    27 ||   317
Invok: Depart the Abyss  |     1 |       |       ||     1
Evoke: Wand              |       |     5 |     1 ||     6
  Use: Scroll            |     5 |     4 |       ||     9
       Potion            |       |     5 |     5 ||    10
  Eat: Ration            |     1 |     3 |       ||     4
       Chunk             |       |     1 |       ||     1
Armor: Leather armour    |     4 |       |       ||     4
       Ring mail         |    14 |       |       ||    14
       Scale mail        |    33 |   102 |    35 ||   170
Dodge: Dodged            |    46 |   104 |    43 ||   193
       Rpst.: Falchion   |    20 |    43 |    18 ||    81
